 Dungeon Crawl Stone Soup version 0.24-a0-378-g94936e539c (webtiles) character file.

Game seed: 7158805831131747110

91 Mithandil the Chopper (level 4, 0/41 HPs)
             Began as a Hill Orc Berserker on June 2, 2019.
             Was a Believer of Trog.
             Hit by a boomerang thrown by an orc (2 damage)
             ... on level 3 of the Dungeon.
             The game lasted 00:05:39 (1196 turns).

Mithandil the Chopper (Hill Orc Berserker)          Turns: 1196, Time: 00:05:40

Health: 0/41       AC:  4    Str: 20    XL:     4   Next: 57%
Magic:  4/4        EV: 12    Int:  7    God:    Trog [**....]
Gold:   28         SH:  0    Dex: 10    Spells: 3/3 levels left

rFire    . . .     SeeInvis .   a - +0 hand axe
rCold    . . .     Gourm    .   (no shield)
rNeg     . . .     Faith    .   b - +0 animal skin
rPois    .         Spirit   .   (helmet restricted)
rElec    .         Reflect  .   (no cloak)
rCorr    .         Harm     .   (no gloves)
MR       .....                  (no boots)
Stlth    +.........             (no amulet)
HPRegen  0.13/turn              (no ring)
MPRegen  0.09/turn              (no ring)

@: lethally poisoned (0 -> -3)
A: horns 1, slimy green scales 1
a: Berserk, Trog's Hand, Renounce Religion


You were on level 3 of the Dungeon.
You worshipped Trog.
Trog was pleased with you.
You were not hungry.

You visited 1 branch of the dungeon, and saw 3 of its levels.

You collected 28 gold pieces.

Inventory:

Hand Weapons
 a - a +0 hand axe (weapon)
Missiles
 f - 69 stones (quivered)
Armour
 b - a +0 animal skin (worn)
Scrolls
 g - a scroll of teleportation
 h - a scroll of enchant weapon {unknown}
 i - a scroll of blinking {unknown}
Potions
 e - a potion of berserk rage {unknown}
Comestibles
 c - 2 rations
 d - 4 chunks of flesh


   Skills:
 + Level 4.4 Fighting
 * Level 5.6 Axes
 + Level 3.1 Armour
 - Level 1.5 Dodging


You had 3 spell levels left.
You didn't know any spells.
Your spell library was empty.

Dungeon Overview and Level Annotations

Branches:
Dungeon (3/15)

Altars:


Innate Abilities, Weirdness & Mutations

You have a pair of small horns on your head.
You are partially covered in slimy green scales. (AC +2)


Message History

You hit Ijyb.
You kill Ijyb!
Trog accepts your kill.
Your Armour skill increases to level 3!
You have reached level 4!
You completely miss the gnoll.
An orc comes into view.
The gnoll hits you with a +0 flail.
* * * LOW HITPOINT WARNING * * *
The orc shouts!
You hit the gnoll.
The gnoll is heavily wounded.
* * * LOW HITPOINT WARNING * * *
You feel sick.
The orc throws a boomerang.
The boomerang closely misses you.
The weapon returns to the orc!
The gnoll closely misses you.
You hit the gnoll. You headbutt the gnoll.
You kill the gnoll!
Trog accepts your kill.
The orc throws a boomerang.
The boomerang hits you.
You die...

o........
.....$...
>o.......
#........ .##
#........
....###.....?....#
#....#[)...(....
#.g)@........##
####..........#
#...........#
#...........#
#.(.........####
#.......÷....?..
#.#...<.÷..####.
#†##...)).##
#.####..........


You could see 2 orcs and a goblin.

Vanquished Creatures
  Ijyb (D:3)
  A gnoll (D:3)
  2 adders (D:3)
  A dart slug (D:3)
  A leopard gecko (D:1)
  2 ball pythons
  A giant cockroach (D:3)
  5 goblins
  7 hobgoblins
  5 kobolds (D:1)
  A quokka (D:3)
  2 bats
  2 frilled lizards
  5 rats
36 creatures vanquished.

Notes
Turn   | Place    | Note
-------+----------+-------------------------------------------
     0 | D:1      | Mithandil the Hill Orc Berserker began the quest for the
                  | Orb.
     0 | D:1      | Reached XP level 1. HP: 19/19 MP: 1/1
    36 | D:1      | Reached XP level 2. HP: 10/27 MP: 2/2
   307 | D:1      | Gained mutation: You have sharp toenails. [potion of
                  | mutation]
   307 | D:1      | Lost mutation: You have sharp toenails. [potion of
                  | mutation]
   307 | D:1      | Gained mutation: You have a pair of small horns on your
                  | head. [potion of mutation]
   307 | D:1      | Gained mutation: You are partially covered in slimy green
                  | scales. (AC +2) [potion of mutation]
   851 | D:1      | Reached XP level 3. HP: 33/33 MP: 3/3
   858 | D:2      | Reached ** piety under Trog
  1141 | D:3      | Reached skill level 5 in Axes
  1173 | D:3      | Noticed Ijyb
  1194 | D:3      | Killed Ijyb
  1194 | D:3      | Reached XP level 4. HP: 5/41 MP: 4/4
  1194 | D:3      | HP: 2/41 [gnoll/+0 flail (3)]
  1196 | D:3      | Hit by a boomerang thrown by an orc

Levels and vault maps discovered:
D:1:      minmay_arrival_doors, layout_loops_ring, grunt_decor_fettered
D:2:      layout_loops_corners, gammafunk_temple_overflow_statue, uniq_natasha,
          uniq_robin, uniq_terence
D:3:      layout_rooms, serial_glass, glass_columns_a, glass_columns_c,
          uniq_ijyb

Skill      XL: |  1  2  3 |
---------------+----------+-----
Fighting       | 4 |  4.4
Axes           | 5 |  5.6
Armour         | 3 |  3.1
Dodging        | |  1.5

Action                   |  1- 3 |  4- 6 || total
-------------------------+-------+-------++-------
Melee: Hand axe          |    98 |     2 ||   100
       Headbutt          |    15 |     1 ||    16
  Use: Scroll            |     4 |       ||     4
       Potion            |     1 |       ||     1
 Stab: Sleeping          |     1 |       ||     1
  Eat: Chunk             |     1 |       ||     1
Armor: Animal skin       |    39 |       ||    39
Dodge: Dodged            |    72 |     2 ||    74

Table legend:
 A = Non-vault XP
 B = Vault XP
 C = Vault XP percentage of total XP
 D = Non-vault monster count
 E = Vault monster count
 F = Vault count percentage of total count
                 A         B        C        D         E       F
            +---------+---------+-------+---------+---------+-------
      Total |      94 |      36 |  27.7 |      35 |       1 |   2.8
            +---------+---------+-------+---------+---------+-------
        D:1 |      34 |       0 |   0.0 |      21 |       0 |   0.0
        D:2 |       4 |       0 |   0.0 |       3 |       0 |   0.0
        D:3 |      56 |      36 |  39.1 |      11 |       1 |   8.3
            +---------+---------+-------+---------+---------+-------
